 Dungeon Crawl Stone Soup version 0.30-a0-1035-g38d5fb2972 (webtiles) character file.

Game seed: 10191782615178594409

182027 What the Warrior (level 17, -6/232 HPs)
             Began as a Demonspawn Brigand on Apr 8, 2023.
             Was a Follower of Uskayaw.
             Mangled by a spark wasp (10 damage)
             ... on level 3 of the Spider Nest.
             The game lasted 03:01:19 (31162 turns).

What the Warrior (Demonspawn Brigand)              Turns: 31162, Time: 03:01:20

Health: -6/232     AC: 28    Str: 10 (11) XL:     17   Next: 34%
Magic:  0/27       EV:  2    Int: 16 (18) God:    Uskayaw [*.....]
Gold:   2497       SH: 12    Dex: 26 (28) Spells: 16/16 levels left

rFire   . . .      SeeInvis .    a - +4 sling (drain)
rCold   . . .      Faith    .    d - +0 kite shield
rNeg    . . .      Spirit   +    l - melded +8 chain mail of Pejis {rC+ Slay+5}
rPois   +          Reflect  .    (helmet unavailable)
rElec   .          Rampage  .    K - melded +2 cloak {rPois}
rCorr   .          NoTele   +    s - melded +2 pair of gloves {Dex+3}
Will    +++..                    h - melded +1 pair of boots
Stlth   +++                      n - amulet of regeneration
HPRegen 1.38/turn                g - ring of poison resistance
MPRegen 0.40/turn                t - ring of Saudim {Will++ Dex+6}

@: mighty, tree-form, spiked
A: stationary, stasis, torment immunity, boosted hp, (antennae 3), powered by
pain 2, magic shield, magic regeneration, big brain 2
}: 1/15 runes: decaying
a: Renounce Religion, Stomp


You were on level 3 of the Spider Nest.
You worshipped Uskayaw.
Uskayaw was pleased with you.
You were a tree.
You visited 6 branches of the dungeon, and saw 28 of its levels.
You also visited: Bailey.

You collected 3284 gold pieces.
You spent 787 gold pieces at shops.

Inventory:

Hand Weapons
 a - a +4 sling of draining (weapon)
 b - a +2 vampiric dagger
Missiles
 e - 8 curare-tipped darts
 F - 14 poisoned darts
Armour
 d - a +0 kite shield (worn)
 h - a +1 pair of boots (melded)
 l - the +8 chain mail of Pejis (melded) {rC+ Slay+5}
   (You found it on level 2 of the Dungeon)

   Slay:      It affects your accuracy & damage with ranged weapons and melee
   (+5).
   rC:        It protects you from cold.
 s - a +2 pair of gloves of dexterity (melded)
 z - +0 acid dragon scales
 I - +0 swamp dragon scales
 J - a +3 leather armour of fire resistance
 K - a +2 cloak of poison resistance (melded)
Jewellery
 g - a ring of poison resistance (left branch)
 n - an amulet of regeneration (around neck)
 p - the ring of Xom's Full Attention {Fire Fly Will+}
   (You found it on level 1 of the Spider Nest)

   [ring of fire]

   It enhances your fire magic.
   rF:        It protects you from fire.
   rC:        It makes you vulnerable to cold.
   Fly:       It grants you flight.
   Will:      It increases your willpower.
 t - the ring of Saudim (right branch) {Will++ Dex+6}
   (You acquired it on level 8 of the Dungeon)

   [ring of dexterity]

   Dex:       It affects your dexterity (+6).
   Will:      It greatly increases your willpower.
 C - a ring of protection from fire
Wands
 f - a wand of acid (5)
 o - a wand of polymorph (12)
 u - a wand of roots (7)
 y - a wand of charming (36)
 A - a wand of flame (90)
Scrolls
 j - 6 scrolls of identify
 k - a scroll of poison
 q - 7 scrolls of teleportation
 r - 3 scrolls of magic mapping
 x - a scroll of amnesia
 G - 3 scrolls of brand weapon
Potions
 c - 3 potions of flight
 i - 2 potions of magic
 v - 2 potions of cancellation
 w - a potion of ambrosia
 D - 3 potions of lignification
 H - a potion of berserk rage
 L - 4 potions of attraction


   Skills:
 * Level 19.8 Fighting
 + Level 2.1 Short Blades
 * Level 14.2 Ranged Weapons
 + Level 2.5 Throwing
 * Level 11.7 Armour
 * Level 11.1 Dodging
 + Level 4.7 Stealth
 + Level 5.8 Shields
 * Level 14.5 Invocations
 + Level 1.5 Evocations


You had 16 spell levels left.
You didn't know any spells.
Your spell library contained the following spells:

 Spells                   Type           Power      Damage    Failure   Level
 Beastly Appendage        Tmut           0%         N/A       56%         1
 Freeze                   Ice            0%         1d3       56%         1
 Kiss of Death            Conj/Necr      0%         2d5       56%         1
 Shock                    Conj/Air       0%         1d3       56%         1
 Sting                    Tmut/Pois      0%         1d3       56%         1
 Cigotuvi's Dreadful Rot  Necr/Pois/Air  0%         N/A       71%         2
 Poisonous Vapours        Pois/Air       0%         N/A       71%         2
 Sublimation of Blood     Necr           0%         N/A       71%         2
 Wereblood                Tmut           0%         N/A       71%         2
 Confusing Touch          Hex            0%         N/A       90%         3
 Dazzling Flash           Conj/Hex       0%         N/A       90%         3
 Frozen Ramparts          Ice            0%         1d1       90%         3
 Hailstorm                Conj/Ice       0%         3d3       90%         3
 Inner Flame              Hex/Fire       0%         N/A       90%         3
 Spider Form              Tmut/Pois      0%         N/A       90%         3
 Summon Guardian Golem    Hex/Summ       0%         N/A       90%         3
 Swiftness                Air            0%         N/A       90%         3
 Volatile Blastmotes      Fire/Tloc      0%         2d10      90%         3
 Airstrike                Air            0%         2d(0-16)  100%        4
 Dispel Undead            Necr           0%         3d6       100%        4
 Iskenderun's Mystic Bla  Conj/Tloc      0%         2d3       100%        4
 Olgreb's Toxic Radiance  Pois           0%         N/A       100%        4
 Passage of Golubria      Tloc           0%         N/A       100%        4
 Petrify                  Tmut/Erth      0%         N/A       100%        4
 Irradiate                Conj/Tmut      0%         3d11      100%        5
 Silence                  Hex/Air        0%         N/A       100%        5
 Yara's Violent Unravell  Hex/Tmut       0%         3d3       100%        5
 Death Channel            Necr           0%         N/A       100%        6
 Starburst                Conj/Fire      0%         6d3       100%        6
 Enfeeble                 Hex            0%         N/A       100%        7
 Orb of Destruction       Conj           0%         9d5       100%        7
 Spellforged Servitor     Conj/Summ      0%         N/A       100%        7
 Discord                  Hex            0%         N/A       100%        8
 Ignition                 Fire           0%         3d3       100%        8
 Lehudib's Crystal Spear  Conj/Erth      0%         10d2      100%        8


Dungeon Overview and Level Annotations

Branches:
Dungeon (13/15)            Temple (1/1) D:6            Lair (5/5) D:9
  Swamp (4/4) Lair:2       Spider (3/4) Lair:2        Slime (0/5) Lair:4
    Orc (2/2) D:10            Elf (0/3) Orc:2        Vaults (0/5) D:13
 Bailey (visited)

Altars:
Ashenzari
Cheibriados
Dithmenos
Fedhas
Gozag
Hepliaklqana
Kikubaaqudgha
Makhleb
Nemelex Xobeh
Okawaru
Qazlal
Ru
Sif Muna
Trog
Uskayaw
Vehumet
Wu Jian
Xom
Yredelemnul
Jiyva

Shops:
D:9 (   D:13 *   Orc:2 [(*:

Annotations:
D:3 1 runed translucent door, Crazy Yiuf
D:7 1 runed translucent door
D:9 1 runed translucent door
Lair:4 2 runed translucent doors, Baynim's ghost, journeyman HuFi
Lair:5 2 runed translucent doors
Swamp:3 3 runed translucent doors, Gydif's ghost, adept DsGl; Roxanne
Orc:2 Saint Roka


Innate Abilities, Weirdness & Mutations

You are a tree.
Your roots penetrate the ground, keeping you stationary.
You cannot be teleported.
You are immune to unholy pain and torment.
Your maximum health is greatly increased.
Your equipment is partially melded.
((You have a pair of large antennae on your head. (SInv)))
You sometimes gain power by taking damage.
When hurt, damage is shared between your health and your magic reserves.
You regenerate magic rapidly.
You have an extremely huge brain. (Int +4)


Message History

Found 4 javelins.
The spark wasp buzzes angrily.
The demonic crawler gives a hideous shriek!
You can now stomp with the beat.
Okay, then.
As you read the scroll of teleportation, it crumbles to dust.
You feel strangely unstable. The ghost moth stares at you.
You feel your power leaking away. You block the spark wasp's attack.
Okay, then.
You shoot a sling bullet.
The sling bullet closely misses the wolf spider.
You block the spark wasp's attack. The wolf spider hits you!
* * * LOW HITPOINT WARNING * * *
The wolf spider bites you but does no damage.
The ghost moth completely misses you. You block the ghost moth's attack.
The ghost moth stings you but does no damage.
The spark wasp stings you!
* * * LOW HITPOINT WARNING * * *
The spark wasp shocks you!
* * * LOW HITPOINT WARNING * * *
The wolf spider hits you.
* * * LOW HITPOINT WARNING * * *
The wolf spider bites you but does no damage.
The ghost moth barely misses you. The ghost moth hits you.
* * * LOW HITPOINT WARNING * * *
You block the ghost moth's attack.
Unknown command.
Really quaff the potion of lignification?
You turn into a tree.
Your +2 cloak of poison resistance melds into your body.
Your +2 pair of gloves of dexterity melds into your body.
Your +1 pair of boots melds into your body.
The +8 chain mail of Pejis {rC+ Slay+5} melds into your body.
You feel clumsy.
Your roots penetrate the ground.
You feel strangely stable.
A redback comes into view.
The spark wasp stings you!
You die...

##.### s ###.....##
.####........##
............w.###
##s.....s.<.....####
.##..........^.>.....# #
#^.......(....s.wss..#.#
#....y♣......s.s.B...#.
#....s.........sss....#
#..................s..#
#......................
#....................^#
#...................###
#...........^....<###
#.........#########


You could see a steelbarb worm (wandering), a spark wasp, a demonic crawler, 2
wolf spiders, an orb spider (summoned), a jumping spider (summoned, wandering)
and a redback (wandering).

Vanquished Creatures
  Rupert (D:13)
  Kirke (Spider:1)
  A thorn hunter (Swamp:2)
  Aizul (Spider:1)
  3 ghost moths (Spider:2)
  Louise (Swamp:4)
  3 orc warlords
  A ghoul (Swamp:1)
  A stone giant (Orc:1)
  Nessos (Lair:5)
  3 eleionomae
  Snorg (Lair:4)
  A spark wasp (Spider:1)
  2 bunyips
  2 entropy weavers (Spider:1)
  4 ettins
  Josephine (Orc:2)
  4 shambling mangroves
  3 fire dragons (Swamp:4)
  18 hydras
  Erolcha (D:10)
  3 boulder beetles
  A centaur warrior (D:9)
  7 death yaks
  8 two-headed ogres
  15 alligators
  A tengu warrior (D:9)
  Urug (D:10)
  Sonja (D:10)
  3 skysharks
  2 pharaoh ants (Spider:1)
  A fire crab (Swamp:4)
  3 goliath frogs
  2 spriggan druids
  4 orb spiders
  10 swamp dragons
  6 bog bodies
  6 steelbarb worms
  3 lindwurms
  5 orc knights
  A necromancer (D:13)
  A deep elf pyromancer (D:12)
  3 will-o-the-wisps
  8 wolf spiders
  4 manticores
  An ugly thing (D:8)
  4 orc sorcerers
  9 cyclopes
  24 elephants
  2 moths of wrath
  2 molten gargoyles (Lair:5)
  7 black mambas
  2 demonic crawlers
  10 cane toads
  3 rime drakes
  An unseen horror (D:10)
  5 torpor snails
  Maggie (Lair:1)
  8 komodo dragons
  Grinder (D:2)
  A red devil (Spider:1)
  13 trolls
  16 tyrant leeches
  5 polar bears
  15 tarantellas
  18 hornets
  13 blink frogs
  3 dream sheep (Lair:5)
  15 jumping spiders
  14 culicivoras
  4 slime creatures (D:13)
  6 spriggans
  A shadow (D:11)
  9 wyverns
  2 vampires
  56 yaks
  6 wraiths
  2 hogs (Spider:1)
  4 fire bats (Swamp:4)
  A hog (shapeshifter) (D:13)
  4 basilisks
  4 steam dragons
  19 redbacks
  A golden eye (shapeshifter) (D:13)
  7 vampire mosquitoes
  8 wargs
  An acid dragon (D:9)
  4 hell hounds (Lair:5)
  10 swamp worms
  14 water moccasins
  7 swamp drakes
  44 orc warriors
  4 sky beasts (D:7)
  6 black bears
  17 wolves
  3 ice beasts
  12 ogres
  3 phantoms (D:5)
  10 centaurs
  2 kobold brigands
  10 bullfrogs
  2 scorpions (D:5)
  A necrophage (Swamp:3)
  3 wights (D:7)
  10 electric eels
  4 howler monkeys
  5 lava snakes (Lair:5)
  3 jellies
  23 orc priests
  A hound (D:7)
  A gnoll bouda (D:5)
  2 sleepcaps
  5 iguanas
  Ijyb (D:3)
  Natasha (thrice) (D:3)
  20 orc wizards
  8 gnolls
  8 adders
  A shadow imp (D:6)
  2 white imps (D:6)
  A dart slug (D:1)
  87 orcs
  4 ball pythons
  5 endoplasms
  3 giant cockroaches
  6 goblins
  7 hobgoblins
  16 kobolds
  4 quokkas
  4 bats
  2 frilled lizards (D:1)
  6 rats
875 creatures vanquished.

Vanquished Creatures (others)
  A shambling mangrove (Swamp:3)
  A cane toad (Lair:5)
  2 bloated husks
  A hornet (Swamp:3)
  2 humans (Spider:1)
  5 steam dragons (Swamp:4)
  2 swamp drakes (Swamp:4)
  An orc priest (Orc:2)
  A bush (Lair:5)
  14 foxfires
  43 fungi
  65 plants
138 creatures vanquished.

Grand Total: 1013 creatures vanquished

Notes
Turn   | Place    | Note
-------+----------+-------------------------------------------
     0 | D:1      | What the Demonspawn Brigand began the quest for the Orb.
     0 | D:1      | Reached XP level 1. HP: 16/16 MP: 1/1
   226 | D:1      | Reached skill level 1 in Dodging
   227 | D:1      | Gained mutation: You sometimes gain a little power by
                  | taking damage. [demonic ancestry]
   227 | D:1      | Reached XP level 2. HP: 18/22 MP: 2/2
   252 | D:1      | Reached skill level 1 in Ranged Weapons
  1015 | D:2      | Reached XP level 3. HP: 27/27 MP: 3/3
  1024 | D:2      | Identified the +8 chain mail of Pejis {rC+ Slay+5}
  1772 | D:3      | Noticed Natasha
  1780 | D:3      | Killed Natasha
  1781 | D:3      | Gained mutation: You have a pair of small antennae on your
                  | head. [demonic ancestry]
  1781 | D:3      | Reached XP level 4. HP: 32/33 MP: 4/4
  1810 | D:3      | Noticed Natasha
  1821 | D:3      | Killed Natasha
  1828 | D:3      | Found a basalt altar of Yredelemnul.
  1836 | D:3      | Found a shadowy altar of Dithmenos.
  1910 | D:3      | Noticed Natasha
  1924 | D:3      | Killed Natasha
  1925 | D:3      | Reached XP level 5. HP: 35/38 MP: 5/5
  2139 | D:3      | Found a faded altar of an unknown god.
  2143 | D:3      | Found an ancient bone altar of Kikubaaqudgha.
  2228 | D:3      | Noticed Ijyb
  2232 | D:3      | Killed Ijyb
  2293 | D:3      | Found a runed translucent door.
  2294 | D:3      | Noticed Crazy Yiuf
  2339 | D:3      | Noticed Grinder
  2363 | D:2      | Killed Grinder
  2364 | D:2      | Reached skill level 1 in Armour
  2364 | D:2      | Reached XP level 6. HP: 40/46 MP: 6/6
  2816 | D:4      | Found a sacrificial altar of Ru.
  2929 | D:4      | Reached skill level 5 in Ranged Weapons
  2929 | D:4      | Gained mutation: You have an unusually large brain. (Int
                  | +2) [demonic ancestry]
  2929 | D:4      | Reached XP level 7. HP: 51/51 MP: 7/7
  2975 | D:4      | Reached skill level 3 in Fighting
  2998 | D:4      | Found a radiant altar of Vehumet.
  3386 | D:5      | Entered Level 5 of the Dungeon
  3828 | D:5      | Gained mutation: You have a pair of antennae on your head.
                  | [demonic ancestry]
  3828 | D:5      | Reached XP level 8. HP: 58/58 MP: 8/8
  3951 | D:5      | Reached skill level 4 in Fighting
  4524 | D:5      | Found an ornate altar of the Wu Jian Council.
  4731 | D:6      | Found a staircase to the Ecumenical Temple.
  4740 | Temple   | Entered the Ecumenical Temple
  4740 | Temple   | Found a transporter.
  4740 | Temple   | Found a transporter.
  4742 | Temple   | Found a transporter.
  4742 | Temple   | Found a transporter.
  4761 | Temple   | Became a worshipper of Uskayaw the Reveller
  4788 | D:6      | Reached * piety under Uskayaw
  4791 | D:6      | Gained mutation: You sometimes gain power by taking damage.
                  | [demonic ancestry]
  4791 | D:6      | Reached XP level 9. HP: 66/66 MP: 9/9
  4903 | D:6      | Found a broken altar of Ashenzari.
  4993 | D:6      | Reached ** piety under Uskayaw
  5001 | D:6      | Reached *** piety under Uskayaw
  5003 | D:6      | Reached skill level 1 in Invocations
  5057 | D:6      | Reached skill level 5 in Fighting
  5669 | D:7      | Reached **** piety under Uskayaw
  5721 | D:7      | Reached ***** piety under Uskayaw
  5958 | D:7      | Found a runed translucent door.
  5959 | D:7      | Found a burning altar of Makhleb.
  5959 | D:7      | Noticed a sixfirhy
  6019 | D:7      | Found an opulent altar of Gozag.
  6390 | D:8      | Reached skill level 10 in Ranged Weapons
  6390 | D:8      | Reached XP level 10. HP: 76/76 MP: 12/12
  6575 | D:8      | Identified a scroll of acquirement
  6576 | D:8      | Acquired the ring of Saudim {Will++ Dex+6}
  6592 | D:8      | Found an iron altar of Okawaru.
  6626 | D:8      | Reached skill level 6 in Fighting
  6928 | D:9      | Noticed a two-headed ogre
  6935 | D:9      | Killed a two-headed ogre
  6977 | D:9      | Found a staircase to the Lair.
  7185 | D:9      | Found a flagged portal.
  7198 | Bailey   | Entered a bailey
  7360 | Bailey   | Reached skill level 5 in Armour
  7435 | Bailey   | Reached skill level 7 in Fighting
  7435 | Bailey   | Reached skill level 5 in Invocations
  7452 | Bailey   | Gained mutation: You have a pair of large antennae on your
                  | head. (SInv) [demonic ancestry]
  7452 | Bailey   | Reached XP level 11. HP: 76/84 MP: 14/14
  7470 | Bailey   | Reached skill level 5 in Dodging
  7502 | Bailey   | Acquired 628 gold pieces
  7504 | Bailey   | Noticed an orc knight
  7519 | Bailey   | Killed an orc knight
  7576 | Bailey   | Identified the +5 triple crossbow "Cerir" {heavy, rPois
                  | Str+2}
  7784 | D:9      | Reached ****** piety under Uskayaw
  7844 | D:9      | Noticed a seven-headed hydra
  7844 | D:9      | Noticed a centaur warrior
  8012 | D:9      | Killed a centaur warrior
  8013 | D:9      | Reached skill level 8 in Fighting
  8126 | D:9      | Killed a seven-headed hydra
  8166 | D:9      | Noticed a two-headed ogre
  8174 | D:9      | Killed a two-headed ogre
  8252 | D:9      | Found a runed translucent door.
  8255 | D:9      | Noticed an eight-headed hydra
  8255 | D:9      | Noticed a purple ugly thing
  8256 | D:9      | Noticed a tengu warrior
  8283 | D:9      | Killed a tengu warrior
  8489 | D:10     | Entered Level 10 of the Dungeon
  8517 | D:10     | Noticed a two-headed ogre
  8519 | D:10     | Noticed a two-headed ogre
  8538 | D:9      | Killed a two-headed ogre
  8539 | D:9      | Reached skill level 9 in Fighting
  8637 | D:9      | Noticed a cyan ugly thing
  8652 | D:8      | Killed a cyan ugly thing
  8684 | D:9      | Found Zierav's Antique Weapon Shoppe.
  9212 | D:10     | Found a staircase to the Orcish Mines.
  9244 | D:10     | Noticed Urug
  9306 | D:10     | Killed a two-headed ogre
  9307 | D:10     | Gained mutation: You regenerate magic rapidly. [demonic
                  | ancestry]
  9307 | D:10     | Reached XP level 12. HP: 96/96 MP: 12/16
  9387 | D:10     | Killed Urug
  9473 | D:10     | Noticed Erolcha
  9562 | D:10     | Noticed Sonja
  9579 | D:10     | Killed Sonja
  9881 | D:10     | Killed Erolcha
 10015 | D:11     | Found a stormy altar of Qazlal.
 10060 | D:11     | Reached skill level 10 in Fighting
 10119 | D:11     | Noticed a two-headed ogre
 10139 | D:11     | Killed a two-headed ogre
 11240 | D:12     | Reached skill level 11 in Fighting
 11788 | D:13     | Noticed a two-headed ogre
 11799 | D:13     | Killed a two-headed ogre
 11934 | D:13     | Noticed a two-headed ogre
 11948 | D:13     | Killed a two-headed ogre
 11968 | D:13     | Reached skill level 12 in Fighting
 11988 | D:13     | Noticed a storm dragon
 12195 | D:13     | Noticed Rupert
 12215 | D:13     | Killed Rupert
 12216 | D:13     | Reached XP level 13. HP: 109/109 MP: 19/19
 12324 | D:13     | Found a hazy altar of Hepliaklqana.
 12348 | D:13     | Found Viull's General Store.
 12356 | D:13     | Bought a scroll of identify for 34 gold pieces
 12356 | D:13     | Bought a +1 pair of gloves of dexterity for 280 gold pieces
 12829 | D:13     | Reached skill level 13 in Fighting
 12832 | D:13     | Found a gate to the Vaults.
 13685 | Lair:1   | Entered Level 1 of the Lair of Beasts
 14272 | Lair:1   | Noticed Maggie
 14281 | Lair:1   | Killed Maggie
 14665 | Lair:2   | Found a staircase to the Swamp.
 14793 | Lair:2   | Found a hole to the Spider Nest.
 14871 | Lair:2   | Reached skill level 14 in Fighting
 15885 | Lair:3   | Reached skill level 15 in Fighting
 16426 | Lair:4   | Found a viscous altar of Jiyva.
 16426 | Lair:4   | Found a staircase to the Slime Pits.
 16528 | Lair:4   | Gained mutation: You have an extremely huge brain. (Int +4)
                  | [demonic ancestry]
 16528 | Lair:4   | Reached XP level 14. HP: 122/123 MP: 9/21
 16744 | Lair:4   | Noticed Snorg
 16757 | Lair:4   | Killed Snorg
 16760 | Lair:4   | Reached skill level 10 in Invocations
 16823 | Lair:4   | Reached skill level 16 in Fighting
 17085 | Lair:4   | Found a large runed translucent door.
 17085 | Lair:4   | Found a large runed translucent door.
 17089 | Lair:4   | Noticed Baynim's ghost (journeyman HuFi)
 17443 | Lair:5   | Entered Level 5 of the Lair of Beasts
 17556 | Lair:5   | Noticed Nessos
 18127 | Lair:5   | Killed Nessos
 18453 | Lair:5   | Reached skill level 17 in Fighting
 18966 | Lair:5   | Found a large runed translucent door.
 19020 | Lair:5   | Reached XP level 15. HP: 133/134 MP: 23/23
 19031 | Lair:5   | Found a large runed translucent door.
 19496 | Orc:1    | Entered Level 1 of the Orcish Mines
 19917 | Orc:2    | Entered Level 2 of the Orcish Mines
 20165 | Orc:2    | Found Culurhus's General Store.
 20272 | Orc:2    | Bought a potion of magic for 128 gold pieces
 20272 | Orc:2    | Bought a scroll of blinking for 120 gold pieces
 20351 | Orc:2    | Noticed Josephine
 20621 | Orc:2    | Killed Josephine
 20667 | Orc:2    | Found Qyoketao's Antique Weapon Emporium.
 20960 | Orc:1    | Reached skill level 18 in Fighting
 21282 | Orc:2    | Found a staircase to the Elven Halls.
 21282 | Orc:2    | Found Kueton's Antique Armour Boutique.
 21290 | Orc:2    | Bought a pair of embroidered gloves for 225 gold pieces
 21393 | Orc:1    | Reached skill level 1 in Evocations
 21928 | Orc:2    | Noticed Saint Roka
 22027 | Orc:2    | Found Niamisk's Book Boutique.
 22606 | Spider:1 | Entered Level 1 of the Spider Nest
 22923 | Spider:1 | Reached skill level 1 in Shields
 23244 | Spider:1 | Noticed Aizul
 23513 | Swamp:1  | Entered Level 1 of the Swamp
 23604 | Swamp:1  | Reached skill level 10 in Dodging
 24265 | Swamp:1  | Reached skill level 10 in Armour
 24317 | Swamp:1  | Reached XP level 16. HP: 128/145 MP: 21/25
 24634 | Swamp:2  | Noticed a thorn hunter
 24651 | Swamp:2  | Killed a thorn hunter
 24818 | Swamp:2  | Paralysed by a hornet for 2 turns
 25231 | Swamp:2  | Reached skill level 19 in Fighting
 25372 | Swamp:3  | Found a runed translucent gate.
 25372 | Swamp:3  | Found a runed translucent gate.
 25376 | Swamp:3  | Noticed Gydif's ghost (adept DsGl)
 25383 | Swamp:3  | Found a runed translucent gate.
 25668 | Swamp:3  | Noticed Roxanne
 26733 | Swamp:4  | Entered Level 4 of the Swamp
 27802 | Swamp:4  | Noticed Louise
 28019 | Swamp:4  | Killed Louise
 28696 | Swamp:4  | Got a decaying rune of Zot
 28917 | Spider:1 | Killed Aizul
 29246 | Spider:1 | Reached skill level 5 in Shields
 29507 | Spider:1 | Gained mutation: When hurt, damage is shared between your
                  | health and your magic reserves. [demonic ancestry]
 29507 | Spider:1 | Reached XP level 17. HP: 153/153 MP: 27/27
 29558 | Spider:1 | Identified the ring of Xom's Full Attention {Fire Fly
                  | Will+}
 29753 | Spider:1 | Noticed Kirke
 29781 | Spider:1 | Killed Kirke
 31152 | Spider:2 | You fall into a shaft and drop 1 floor!
 31161 | Spider:3 | HP: 4/155 [spark wasp (17)]
 31162 | Spider:3 | Mangled by a spark wasp

Illustrated notes

Levels and vault maps discovered:
D:1:      dpeg_arrival_tiny_g, layout_loops_ring
D:2:      layout_loops_corners, small_statue_intersection, st_stairs_3
D:3:      layout_basic, nicolae_overflow_ecumenical_swirl,
          mainiacjoe_overflow_catwalk, mainiacjoe_overflow_alcove_1,
          uniq_grinder, uniq_ijyb, uniq_crazy_yiuf_cottage, uniq_natasha
D:4:      cheibrodos_quashed, layout_basic, nicolae_ru_great_annihilating_truth,
          nicolae_overflow_crystal_walls
D:5:      minmay_razor_zed, layout_loops_ring, nzn_wu_jian_council_hall
D:6:      layout_loops_ring, mainiacjoe_overflow_tiny_flanked,
          minmay_temple_entry_nine_rooms
D:7:      layout_rooms, nzn_makhleb_speed_demon, grunt_gozag_breadcrumbs,
          hangedman_abyss_or_decor_stabs, minmay_joined_circles
D:8:      layout_gridville, mainiacjoe_overflow_small_starburst
D:9:      minmay_the_grid_triangle_9x9_recursive_2
          [minmay_the_grid_triangle_9x9_prize_top_heavy,
          minmay_the_grid_triangle_9x9_intruding_spiral,
          minmay_the_grid_triangle_9x9_skeleton,
          minmay_the_grid_triangle_9x9_subtriangle], layout_rooms,
          elyvilon_altar_1, david_lair_shrubbed, serial_shops,
          kennysheep_mini_moat, enter_bailey_6
D:10:     layout_gridville, orc_0_dummy, uniq_urug, uniq_sonja, uniq_erolcha
D:11:     layout_basic, st_stairs_12, grunt_qazlal_sundering
D:12:     layout_basic
D:13:     minmay_glassy_protrusions, layout_irregular_city, david_vaults_1,
          serial_shops, shop, nicolae_hepliaklqana_hazy_memory, uniq_rupert
Temple:   hellmonk_temple_divided_pantheon
Lair:1:   layout_cave_pods, nicolae_volcano_entry_s_turn, uniq_maggie
Lair:2:   beast_lair_carwin_large_2, layout_gridlike, swamp_mist,
          spider_nest_entry_web_field, lemuel_fruit_tree
Lair:3:   layout_loops_ring, minivault_26
Lair:4:   layout_regular_city, slime_entry_1, ebering_ghost_disaster_area,
          uniq_snorg
Lair:5:   cheibrodos_lair_end_hotspot, layout_gridlike,
          nicolae_quartered_pool_super, uniq_nessos
Swamp:1:  nicolae_swamp_ascending_descending, layout_basic_swamp,
          evilmike_swamp_ruin_house_1, swamp_pool4, nicolae_swamp_vermiculated,
          infiniplex_staircase_pool
Swamp:2:  layout_basic_swamp, evilmike_swamp_ruin_house_2, swamp_pool2
Swamp:3:  layout_falls_marsh, gammafunk_ghost_hydra_chop,
          evilmike_swamp_ruin_rubble_1, uniq_roxanne
Swamp:4:  swamp_fiery, layout_basic_swamp, uniq_louise
Spider:1: layout_chambers, uniq_aizul, uniq_kirke
Spider:2: layout_spider_delve, gammafunk_ghost_tricky_traps, drop_trap,
          nicolae_spider_checkerboard
Spider:3: layout_cave_pods
Orc:1:    layout_diamond_mine
Orc:2:    grunt_orc_gardens, layout_caves, grunt_orc_garden, grunt_orc_garden,
          grunt_orc_garden, grunt_orc_garden, minmay_orc_treasury,
          uniq_saint_roka, uniq_josephine

Skill      XL: |  1  2  3  4  5  6  7  8  9 10 11 12 13 14 15 16 17 |
---------------+----------------------------------------------------+-----
Dodging        | 1 2 3 4 5 6 8 9 10 11 | 11.1
Ranged Weapons | 1 2 3 4 5 6 8 10 11 13 14 | 14.2
Stealth        | 4 |  4.7
Short Blades   | 2 |  2.1
Armour         | 1 2 3 4 5 6 7 8 10 11 | 11.7
Fighting       | 3 4 5 7 9 12 15 17 18 19 | 19.8
Invocations    | 3 5 6 8 9 11 13 14 | 14.5
Throwing       | 2 |  2.5
Evocations     | 1 |  1.5
Shields        | 2 5 |  5.8

Action                     |  1- 3 |  4- 6 |  7- 9 | 10-12 | 13-15 | 16-18 || total
---------------------------+-------+-------+-------+-------+-------+-------++-------
  Melee: Dagger            |    14 |    14 |     2 |    18 |    18 |     1 ||    67
         Punch             |     1 |     1 |       |     1 |     1 |       ||     4
         Sling             |       |       |     1 |       |     1 |       ||     2
   Fire: Sling             |    77 |    77 |   331 |   777 |  1698 |   880 ||  3840
  Throw: Dart              |     2 |     1 |       |     5 |    10 |       ||    18
         Throwing net      |       |       |       |     7 |     2 |       ||     9
 Invoke: Stomp             |       |       |     4 |    54 |   199 |   168 ||   425
         Grand Finale      |       |       |       |       |     2 |     1 ||     3
         Line Pass         |       |       |       |       |     1 |       ||     1
  Evoke: Wand              |       |       |       |     3 |    23 |    10 ||    36
    Use: Scroll            |     9 |     9 |     4 |    12 |    16 |    15 ||    65
         Potion            |       |       |       |     9 |     8 |    16 ||    33
   Stab: Paralysed         |       |       |       |     1 |       |       ||     1
 Armour: Robe              |     7 |       |       |       |       |       ||     7
         Chain mail        |    25 |    73 |   185 |   201 |   323 |   768 ||  1575
         Leather armour    |       |       |       |    60 |    10 |       ||    70
         Acid dragon scale |       |       |       |       |   153 |       ||   153
  Dodge: Dodged            |    16 |    23 |    85 |   302 |   766 |   608 ||  1800
  Block: Kite shield       |       |       |       |       |   184 |   797 ||   981

Table legend: (Time is in decaauts)
 A = Elapsed time spent in this place.
 B = Non-inter-level travel time spent in this place.
 C = Inter-level travel time spent in this place.
 D = Time resting spent in this place.
 E = Time spent auto-exploring this place.
 F = Levels seen in this place.
 G = Mean time per level.
                   A        B        C        D        E       F      G
               +--------+--------+--------+--------+--------+-----+--------+
         Total |  31858 |  30615 |   1243 |   2835 |  20018 |  29 | 1098.6 |
       Dungeon |  13503 |  13034 |    469 |   1519 |   8682 |  13 | 1038.7 |
        Temple |     43 |     35 |      8 |      0 |      6 |   1 |   43.0 |
          Lair |   5871 |   5440 |    431 |     24 |   4213 |   5 | 1174.2 |
         Swamp |   5722 |   5514 |    208 |    756 |   3190 |   4 | 1430.5 |
   Spider Nest |   3160 |   3144 |     16 |    328 |   1815 |   3 | 1053.3 |
  Orcish Mines |   3060 |   2951 |    109 |    207 |   1812 |   2 | 1530.0 |
        Bailey |    497 |    497 |      0 |      0 |    299 |   1 |  497.0 |
               +--------+--------+--------+--------+--------+-----+--------+

Top non-repeatable levels by time:
Spider:1: 2318 daAuts
 Swamp:4: 1971 daAuts
    D:13: 1752 daAuts
   Orc:2: 1680 daAuts
  Lair:5: 1542 daAuts
 Swamp:2: 1485 daAuts
     D:9: 1426 daAuts
   Orc:1: 1379 daAuts
  Lair:4: 1286 daAuts
    D:12: 1258 daAuts
     D:5: 1255 daAuts
 Swamp:1: 1252 daAuts
  Lair:2: 1078 daAuts
     D:6: 1071 daAuts
    D:10: 1019 daAuts
